 Dungeon Crawl Stone Soup version 0.31-a0-221-gbddc013574 (webtiles) character file.

Game seed: 7460284505919399056

128 qw the Shooter (level 5, -13/30 HPs)
             Began as a Gargoyle Hexslinger on July 4, 2023.
             Mangled by an ogre
             ... wielding a +0 giant club
              (19 damage)
             ... on level 3 of the Dungeon.
             The game lasted 00:00:44 (1396 turns).

qw the Shooter (Gargoyle Hexslinger)                Turns: 1396, Time: 00:00:45

Health: -13/30     AC:  7    Str: 12    XL:     5   Next: 12%
Magic:  6/6        EV: 11    Int: 13    God:
Gold:   95         SH:  0    Dex: 14    Spells: 5/6 levels left

rFire   . . .        Y - +1 sling
rCold   . . .        (no shield)
rNeg    + . .        g - +0 leather armour
rPois   inf          (no helmet)
rElec   +            (no cloak)
rCorr   .            (no gloves)
SInv    .            (no boots)
Will    .....        (no amulet)
Stlth   +            (no ring)
HPRegen 0.25/turn    (no ring)
MPRegen 0.10/turn

%: no passive effects
@: no status effects
A: sickness immunity, AC +4, negative energy resistance 1, electricity
resistance, torment resistance 1, petrification resistance
a: no special abilities


You were on level 3 of the Dungeon.
You visited 1 branch of the dungeon, and saw 3 of its levels.

You collected 95 gold pieces.


Innate Abilities, Weirdness & Mutations

You are immune to sickness and miasma.
Your stone body is resilient. (AC +4)
You are immune to poison.
You resist negative energy. (rN+)
You are resistant to electric shocks. (rElec)
You are resistant to unholy torment.
You are immune to petrification.


   Skills:
 - Level 2.0 Fighting
 + Level 4.9 Ranged Weapons
 - Level 1.5 Dodging
 - Level 1.0 Spellcasting
 - Level 2.6 Hexes


You had 5 spell levels left.
You knew the following spells:

 Your Spells              Type           Power      Damage    Failure   Level
a - Slow                  Hex            28%        N/A       12%         1

Your spell library contained the following spells:

 Spells                   Type           Power      Damage    Failure   Level
 Inner Flame              Hex/Fire       4%         N/A       52%         3
 Portal Projectile        Hex/Tloc       8%         N/A       52%         3
 Cause Fear               Hex            3%         N/A       75%         4

Inventory:

Hand Weapons
 Y - a +1 sling (weapon)
Armour
 g - a +0 leather armour (worn)
Potions
 b - a potion of might {unknown}
 h - a potion of lignification {unknown}
 i - a potion of curing

Dungeon Overview and Level Annotations

Branches:
Dungeon (3/15)

Altars:
Trog

Annotations:
D:3 2 transporters, qw's ghost, amateur MiHs


Message History

The ogre shouts!
The ogre is lightly wounded.
You hear a shout!
You shoot a sling bullet.
The sling bullet hits the ogre but does no damage.
The ogre is lightly wounded.
You shoot a sling bullet. The sling bullet hits the ogre.
The ogre is moderately wounded.
You shoot a sling bullet. The sling bullet hits the ogre.
The ogre is moderately wounded.
The ogre closely misses you.
You shoot a sling bullet.
The sling bullet barely misses the ogre.
A hobgoblin comes into view.
You shoot a sling bullet. The sling bullet hits the ogre.
The ogre is moderately wounded.
The ogre hits you with a +0 giant club!!
Ouch! That really hurt!
You shoot a sling bullet.
The sling bullet barely misses the ogre.
The ogre closely misses you.
You shoot a sling bullet.
The sling bullet hits the ogre but does no damage.
The ogre is moderately wounded.
The ogre barely misses you.
You shoot a sling bullet.
The sling bullet barely misses the ogre.
The sling bullet hits the hobgoblin.
The hobgoblin is almost dead.
You shoot a sling bullet. The sling bullet hits the ogre.
The ogre is heavily wounded.
The ogre misses you.
You shoot a sling bullet.
The sling bullet barely misses the ogre.
The ogre closely misses you.
You shoot a sling bullet.
The sling bullet barely misses the ogre.
The ogre hits you with a +0 giant club!!
Ouch! That really hurt!
You die...

8..?$.8##.........#
........#..........
........#..........
........#..#######.
...^$...#..##
......K#...#
.....W#..##
....b#..# ...8##.@#
#####...Og#
^.......#.>..
.......##......
....#.. .....
##..... .....
....... ###.
###....


You could see an ogre, qw's ghost, a hobgoblin, a bat and a kobold.

Vanquished Creatures
  A jelly (D:3)
  3 gnolls (D:3)
  2 adders
  2 dart slugs
  An orc (D:2)
  4 ball pythons
  2 bats (D:1)
  5 endoplasms
  5 giant cockroaches
  3 goblins
  5 hobgoblins
  2 jackals (D:1)
  3 kobolds (D:1)
  2 quokkas
  3 frilled lizards
  2 rats
45 creatures vanquished.

Notes
Turn   | Place    | Note
-------+----------+-------------------------------------------
     0 | D:1      | qw the Gargoyle Hexslinger began the quest for the Orb.
     0 | D:1      | Reached XP level 1. HP: 12/12 MP: 2/2
     0 | D:1      | 0 ||| qw: Version: 0.3-a-41-g9d075ac
     0 | D:1      | 0 ||| qw: Game counter: 723
     0 | D:1      | 0 ||| qw: Melee chars always use a shield: true
     0 | D:1      | 0 ||| qw: God list: Okawaru
     0 | D:1      | 0 ||| qw: Allow faded altars: false
     0 | D:1      | 0 ||| qw: Do Orc after clearing Dungeon:15 true
     0 | D:1      | 0 ||| qw: Do second Lair branch before Depths: true
     0 | D:1      | 0 ||| qw: Lair rune preference: random
     0 | D:1      | 0 ||| qw: Goals: Normal
     0 | D:1      | 0 ||| PLANNING D:1-11
   222 | D:1      | Reached XP level 2. HP: 16/16 MP: 3/3
   326 | D:1      | Reached skill level 3 in Ranged Weapons
   545 | D:1      | You fall into a shaft and drop 1 floor!
   562 | D:2      | Reached XP level 3. HP: 21/21 MP: 4/4
   608 | D:2      | 608 ||| UPGRADING to +0 leather armour.
   618 | D:2      | 618 ||| DROPPING +0 robe.
   619 | D:2      | 619 ||| READING scroll labelled ACKAVVO VEMASS.
   620 | D:2      | 620 ||| READING scroll labelled EQEM TYFFOADUR.
   621 | D:2      | 621 ||| READING scroll labelled ZUKLOATHR TETAPT.
   622 | D:2      | 622 ||| DRINKING 2 fizzy purple potions.
   623 | D:2      | 623 ||| DROPPING scroll of poison.
  1112 | D:2      | 1112 ||| READING scroll labelled TOMNUO XOQA.
  1113 | D:2      | 1113 ||| DRINKING 2 sapphire potions.
  1139 | D:3      | Reached XP level 4. HP: 25/26 MP: 5/5
  1164 | D:3      | Reached skill level 4 in Ranged Weapons
  1169 | D:3      | HP: 3/26 [gnoll/+0 halberd (10)]
  1170 | D:3      | 1170 ||| DRINKING potion of heal wounds.
  1175 | D:3      | HP: 6/26 [gnoll/+0 halberd (8)]
  1177 | D:3      | 1177 ||| FLEEEEING.
  1178 | D:3      | 1178 ||| FLEEEEING.
  1179 | D:3      | 1179 ||| FLEEEEING.
  1180 | D:3      | 1180 ||| FLEEEEING.
  1181 | D:3      | 1181 ||| FLEEEEING.
  1182 | D:3      | 1182 ||| FLEEEEING.
  1183 | D:3      | 1183 ||| FLEEEEING.
  1184 | D:3      | 1184 ||| FLEEEEING.
  1185 | D:3      | 1185 ||| FLEEEEING.
  1186 | D:3      | 1186 ||| FLEEEEING.
  1187 | D:3      | 1187 ||| FLEEEEING.
  1188 | D:3      | 1188 ||| STAIRDANCE
  1263 | D:3      | 1263 ||| STAIRDANCE
  1329 | D:3      | Found a bloodstained altar of Trog.
  1370 | D:3      | Noticed qw's ghost (amateur MiHs)
  1373 | D:3      | Reached XP level 5. HP: 30/30 MP: 6/6
  1375 | D:3      | Found a transporter.
  1379 | D:3      | Found a transporter.
  1384 | D:3      | Noticed an ogre
  1390 | D:3      | HP: 4/30 [ogre/+0 giant club (26)]
  1396 | D:3      | Mangled by an ogre

Levels and vault maps discovered:
D:1:      matt_arrival_refuge, layout_basic, serial_forest,
          infiniplex_forest_end_2, infiniplex_forest_lined_3,
          infiniplex_forest_clump_double, infiniplex_forest_lined_room_2,
          infiniplex_forest_straight_3, infiniplex_forest_side_room,
          infiniplex_forest_end_double
D:2:      layout_rooms, st_stairs_13
D:3:      layout_loops_cross, bloody_trog, gammafunk_ghost_arena, minivault_26,
          uniq_terence

Skill      XL: |  1  2  3  4 |
---------------+-------------+-----
Ranged Weapons | 3 4 |  4.9
Fighting       | 2 |  2.0
Dodging        | |  1.5
Spellcasting   | |  1.0
Hexes          | |  2.6

Action                     |  1- 3 |  4- 6 || total
---------------------------+-------+-------++-------
   Fire: Sling             |   147 |    50 ||   197
    Use: Scroll            |     4 |       ||     4
         Potion            |     2 |     1 ||     3
 Armour: Robe              |    43 |       ||    43
         Leather armour    |    18 |    10 ||    28
  Dodge: Dodged            |    88 |    18 ||   106

Table legend:
 A = Non-vault XP
 B = Vault XP
 C = Vault XP percentage of total XP
 D = Non-vault monster count
 E = Vault monster count
 F = Vault count percentage of total count
                 A         B        C        D         E       F
            +---------+---------+-------+---------+---------+-------
      Total |     167 |      17 |   9.2 |      43 |       2 |   4.4
            +---------+---------+-------+---------+---------+-------
        D:1 |      37 |       0 |   0.0 |      20 |       0 |   0.0
        D:2 |      22 |      17 |  43.6 |      13 |       2 |  13.3
        D:3 |     108 |       0 |   0.0 |      10 |       0 |   0.0
            +---------+---------+-------+---------+---------+-------
